 Dungeon Sprint DCSS version 0.19-a0-1815-g4007336 (webtiles) character file.

1328 wazuzu the Cruncher (level 8, -3/72 HPs)
             Began as a Demonspawn Gladiator on Oct 5, 2016.
             Was an Elder of Qazlal.
             Killed from afar by Josephine (40 damage)
             ... with a ghostly fireball
             ... in the Dungeon (Sprint IX: "|||||||||||||||||||||||||||||").
             The game lasted 00:04:16 (306 turns).

wazuzu the Cruncher (Demonspawn Gladiator)           Turns: 306, Time: 00:04:17

Health: -3/72      AC: 15    Str: 17    XL:     8   Next: 34%
Magic:  8/8        EV: 10    Int:  9    God:    Qazlal [****..]
Gold:   0          SH:  5    Dex: 15    Spells: 0 memorised, 7 levels left

rFire  . . .     SeeInvis .     p - +4 quarterstaff (speed)
rCold  . . .     Gourm    .     t - +0 plate armour
rNeg   . . .     Faith    .     (shield currently unavailable)
rPois  .         Spirit   .     c - +0 helmet
rElec  .         Dismiss  .     (no cloak)
rCorr  .         Reflect  .     q - +0 pair of gloves
MR     .....     Harm     .     a - +0 pair of boots
Stlth  .......... NoTele   +    (no amulet)
                                s - +2 ring of evasion
                                r - +2 ring of protection

@: very slightly contaminated, hasted and slowed, repel missiles, heavily
drained
A: hooves 2, demonic guardian 1, spiny 1
a: Upheaval, Elemental Force, Renounce Religion


You were in the Dungeon.
You worshipped Qazlal.
Qazlal was greatly pleased with you.
You were not hungry.

You visited 1 branch

Inventory:

Hand Weapons
 p - a +4 quarterstaff of speed (weapon)
Armour
 a - a +0 pair of boots (worn)
 c - a +0 helmet (worn)
 q - a +0 pair of gloves (worn)
 t - a +0 plate armour (worn)
Jewellery
 r - a +2 ring of protection (left hand)
 s - a +2 ring of evasion (right hand)
Wands
 o - a wand of iceblast (7/15)
Scrolls
 k - 2 scrolls of blinking
 m - 3 scrolls of remove curse
 n - 2 scrolls of amnesia
Potions
 e - a potion of invisibility
 g - 2 potions of heal wounds
 i - 4 potions of magic
 l - 4 potions of curing
Comestibles
 d - 9 chunks of flesh
 f - a bread ration


   Skills:
 + Level 9.9(8.4) Fighting
 + Level 11.8(10.3) Staves
 - Level 1.7(0.6) Throwing
 + Level 9.2(7.8) Dodging


You had 7 spell levels left.
You didn't know any spells.

Dungeon Overview and Level Annotations

Branches:
Dungeon (1/1)

Altars:
Cheibriados
Dithmenos
Elyvilon
Fedhas
Gozag
Hepliaklqana
Kikubaaqudgha
Makhleb
Nemelex Xobeh
Okawaru
Qazlal
Ru
Sif Muna
Trog
Uskayaw
Vehumet
Xom
Yredelemnul
Zin
The Shining One
Beogh
Jiyva
Lugonu

Annotations:
D Josephine


Innate Abilities, Weirdness & Mutations

You have hoof-like feet.
A weak demonic guardian rushes to your aid.
You are partially covered in sharp spines.


Message History

You hit the wraith.
The wraith is severely damaged.
You hit the wraith but do no damage.
The wraith is severely damaged.
The wraith hits you! The wraith drains your vigour!
You feel as though you will be slow longer.
You sock the wraith!
You destroy the wraith!
Qazlal accepts your kill.
The storm surrounding you is powerful enough to repel missiles.
You adapt resistances upon receiving elemental damage.
Your Dodging skill increases to level 9!
Josephine casts a spell at you.
The ghostly flame explodes!
The ghostly fireball engulfs you!
You feel drained.
The ghostly fireball engulfs your quasit.
Your quasit completely resists.
Josephine points at you and mumbles some strange words.
The ghostly flame explodes!
The ghostly fireball engulfs you!
You feel drained.
Ouch! That really hurt!
You die...

▓_▓.▓
▓_▓.▓
▓_▓.▓
▓_▓.▓
▓_▓.▓
▓_▓.▓
▓_▓5▓
▓_▓.▓
▓_▓@▓
▓_▓@▓
▓_▓W▓
▓_▓W▓
▓_▓W▓
▓_▓.▓
▓_▓.▓
▓_▓.▓
▓_▓


You could see Josephine, 3 wraiths and a friendly quasit.

Vanquished Creatures
  A hill giant (D)
  A shadow (D)
  2 wraiths (D)
  An ice beast (D)
  A phantom (D)
  2 bullfrogs (D)
  A scorpion (D)
  A crimson imp (D)
  A worker ant (D)
  2 adders (D)
  A shadow imp (D)
  2 orcs (D)
  A ball python (D)
  A bat zombie (D)
  A quokka (D)
  A frilled lizard (D)
  A leopard gecko skeleton (D)
  3 rats (D)
24 creatures vanquished.

Notes
Turn   | Place    | Note
-------+----------+-------------------------------------------
     0 | D        | wazuzu the Demonspawn Gladiator began the quest for the Orb.
     0 | D        | Reached XP level 1. HP: 16/16 MP: 1/1
    10 | D        | Reached skill level 3 in Staves
    32 | D        | Reached skill level 4 in Staves
    32 | D        | Gained mutation: You have large cloven feet. [demonic ancestry]
    32 | D        | Reached XP level 2. HP: 20/24 MP: 2/2
    61 | D        | Found a roughly hewn altar of Beogh.
    61 | D        | Found a snail-covered altar of Cheibriados.
    61 | D        | Found a shadowy altar of Dithmenos.
    61 | D        | Found a white marble altar of Elyvilon.
    61 | D        | Found a blossoming altar of Fedhas.
    61 | D        | Found an opulent altar of Gozag.
    62 | D        | Found a hazy altar of Hepliaklqana.
    63 | D        | Found a viscous altar of Jiyva.
    64 | D        | Found an ancient bone altar of Kikubaaqudgha.
    65 | D        | Found a corrupted altar of Lugonu.
    66 | D        | Found a burning altar of Makhleb.
    67 | D        | Found a sparkling altar of Nemelex Xobeh.
    68 | D        | Found an iron altar of Okawaru.
    69 | D        | Found a stormy altar of Qazlal.
    70 | D        | Found a sacrificial altar of Ru.
    71 | D        | Found a deep blue altar of Sif Muna.
    72 | D        | Found a bloodstained altar of Trog.
    73 | D        | Found a hide-covered altar of Uskayaw.
    74 | D        | Found a radiant altar of Vehumet.
    75 | D        | Found a shimmering altar of Xom.
    76 | D        | Found a basalt altar of Yredelemnul.
    77 | D        | Found a glowing silver altar of Zin.
    78 | D        | Found a glowing golden altar of the Shining One.
    87 | D        | Became a worshipper of Qazlal Stormbringer
   151 | D        | Noticed a bullfrog
   151 | D        | Noticed a bullfrog
   151 | D        | Noticed a hill giant
   151 | D        | Noticed a phantom
   151 | D        | Noticed an ice beast
   152 | D        | Reached XP level 3. HP: 29/29 MP: 3/3
   166 | D        | Killed an ice beast
   166 | D        | Reached skill level 5 in Fighting
   166 | D        | Reached skill level 6 in Staves
   166 | D        | Gained mutation: You have hoof-like feet. [demonic ancestry]
   166 | D        | Reached XP level 4. HP: 39/39 MP: 4/4
   173 | D        | Killed a hill giant
   173 | D        | Reached * piety under Qazlal
   173 | D        | Reached skill level 10 in Staves
   173 | D        | Reached XP level 5. HP: 49/49 MP: 5/5
   173 | D        | Gained mutation: You are partially covered in sharp spines. [demonic ancestry]
   173 | D        | Reached XP level 6. HP: 56/56 MP: 6/6
   173 | D        | Reached XP level 7. HP: 62/62 MP: 7/7
   191 | D        | Reached ** piety under Qazlal
   191 | D        | Reached skill level 11 in Staves
   205 | D        | Noticed a shadow
   219 | D        | Killed a shadow
   221 | D        | Reached *** piety under Qazlal
   238 | D        | Gained mutation: A weak demonic guardian rushes to your aid. [demonic ancestry]
   238 | D        | Reached XP level 8. HP: 57/71 MP: 8/8
   286 | D        | Noticed Josephine
   305 | D        | Reached **** piety under Qazlal
   306 | D        | Killed from afar by Josephine

Vault maps used:
D:        linesprint

Skill      XL: |  1  2  3  4  5  6  7  8 |
---------------+-------------------------+-----
Staves         | 4 6 10 11 | 11.8
Dodging        | 3 4 7 8 9 |  9.2
Fighting       | 3 5 8 9 |  9.9
Throwing       | |  1.7

Action                   |  1- 3 |  4- 6 |  7- 9 || total
-------------------------+-------+-------+-------++-------
Melee: Quarterstaff      |    50 |     6 |    56 ||   112
       Kick              |     4 |       |       ||     4
  Use: Potion            |     2 |     1 |     1 ||     4
Armor: Leather armour    |     8 |       |       ||     8
       Plate armour      |     8 |     2 |    11 ||    21
Dodge: Dodged            |    19 |     4 |     5 ||    28
Block: Other             |       |       |     6 ||     6
